 Dungeon Crawl Stone Soup version 0.27-a0-1281-ge233d83751 (webtiles) character file.

Game seed: 13765597495265675976

4 avis the Ruffian (level 1, -1/16 HPs)
             Began as a Draconian Transmuter on June 13, 2021.
             Slain by a kobold (3 damage)
             ... on level 1 of the Dungeon.
             The game lasted 00:02:17 (97 turns).

avis the Ruffian (Draconian Transmuter)               Turns: 97, Time: 00:02:21

Health: -1/16      AC:  4    Str: 12    XL:     1   Next: 58%
Magic:  3/3        EV: 12    Int: 13    God:
Gold:   11         SH:  0    Dex: 11    Spells: 3/4 levels left

rFire    . . .     SeeInvis .     - Unarmed
rCold    . . .     Faith    .   (no shield)
rNeg     . . .     Spirit   .   (armour unavailable)
rPois    .         Reflect  .   (helmet restricted)
rElec    .         Harm     .   (no cloak)
rCorr    .         Rampage  .   (no gloves)
Will     .....                  (no boots)
Stlth    +.........             (no amulet)
HPRegen  0.05/turn              (no ring)
MPRegen  0.08/turn              (no ring)

@: slowed, very slow
A: AC +4, unfitting armour, cold-blooded
a: no special abilities


You were on level 1 of the Dungeon.
You visited 1 branch of the dungeon, and saw 1 of its levels.

You collected 11 gold pieces.

Inventory:

Hand Weapons
 c - a +0 hunting sling
Scrolls
 a - a scroll of teleportation {unknown}
 b - a scroll of blinking {unknown}


   Skills:
 - Level 1.1 Fighting
 - Level 1.7 Dodging
 + Level 3.0 Unarmed Combat
 * Level 2.2 Spellcasting
 + Level 2.1 Transmutations


You had 3 spell levels left.
You knew the following spells:

 Your Spells              Type           Power      Damage    Failure   Level
a - Beastly Appendage     Tmut           12%        N/A       11%         1

Your spell library contained the following spells:

 Spells                   Type           Power      Damage    Failure   Level
 Wereblood                Tmut           6%         N/A       16%         2
 Spider Form              Tmut/Pois      2%         N/A       43%         3
 Ice Form                 Ice/Tmut       4%         N/A       85%         4


Dungeon Overview and Level Annotations

Branches:
Dungeon (1/15)

Altars:


Innate Abilities, Weirdness & Mutations

Your plain brown scales are hard. (AC +4)
You cannot fit into any form of body armour.
You are cold-blooded and may be slowed by cold attacks.


Message History

The kobold shouts!
The kobold moves out of view.
Found a robe.
You see here a +0 hunting sling.
Casting: Beastly Appendage (safe; 11% risk of failure)
Confirm with . or Enter, or press ? or * to list all spells.
You grow a pair of large bovine horns.
Your feet morph into talons.
Your transformation is almost over.
The kobold misses you.
c - a +0 hunting sling The quokka bites you.
The kobold hits you with a +2 dagger of freezing.
The kobold freezes you.
The quokka twitches its whiskers.
The kobold hits you with a +2 dagger of freezing.
You feel yourself slow down. The kobold freezes you.
The quokka closely misses you.
You feel yourself speed up. The quokka barely misses you.
The kobold throws a stone.
The stone hits you but does no damage.
You closely miss the quokka. Your kick misses the quokka.
The quokka closely misses you.
You hit the quokka but do no damage. The quokka bites you.
* * * LOW HITPOINT WARNING * * *
You hit the quokka.
You kill the quokka!
You completely miss the kobold. You claw the kobold.
You tail-slap the kobold, but do no damage.
The kobold is severely wounded.
The kobold hits you with a +2 dagger of freezing.
* * * LOW HITPOINT WARNING * * *
You feel yourself slow down. The kobold freezes you.
* * * LOW HITPOINT WARNING * * *
You closely miss the kobold. Your kick misses the kobold.
Your headbutt misses the kobold.
The kobold is severely wounded.
Your horns disappear.
Your talons disappear.
The kobold barely misses you.
The kobold hits you with a +2 dagger of freezing.
You die...

.≈≈≈........#
#...........#
#...........#
########'#####.#
.........)....#
#######.#########
#.........# ###
#.#######.# ....
#.# #@# ..... #.#
#K###..... #.#
#......... #.#
#......... #.#
#......... #.
...............
.............##
...........###
######.#####


You could see a kobold.

Vanquished Creatures
  A goblin (D:1)
  A hobgoblin (D:1)
  A quokka (D:1)
  A ball python (D:1)
4 creatures vanquished.

Notes
Turn   | Place    | Note
-------+----------+-------------------------------------------
     0 | D:1      | avis the Draconian Transmuter began the quest for the Orb.
     0 | D:1      | Reached XP level 1. HP: 16/16 MP: 3/3
    97 | D:1      | Slain by a kobold

Illustrated notes

Levels and vault maps discovered:
D:1:      psy_arrival_radial02, layout_basic, chequers_serial_rivers_micro_c

Action                   || total
-------------------------++-------
Melee: Unarmed           ||    15
       Kick              ||     4
       Tailslap          ||     1
       Punch             ||     1
 Cast: Beastly Appendage ||     3
Armor: Skin              ||     3
Dodge: Dodged            ||    13

Table legend: (Time is in decaauts)
 A = Elapsed time spent in this place.
 B = Non-inter-level travel time spent in this place.
 C = Inter-level travel time spent in this place.
 D = Time resting spent in this place.
 E = Time spent auto-exploring this place.
 F = Levels seen in this place.
 G = Mean time per level.
                   A        B        C        D        E       F      G
               +--------+--------+--------+--------+--------+-----+--------+
         Total |     96 |     96 |      0 |     16 |     38 |   1 |   96.0 |
       Dungeon |     96 |     96 |      0 |     16 |     38 |   1 |   96.0 |
               +--------+--------+--------+--------+--------+-----+--------+

Top non-repeatable levels by time:
     D:1: 96 daAuts
